 Dungeon Crawl Stone Soup version 0.31-a0-177-g4aa6249778 (webtiles) character file.

Game seed: 14005858623934119521

571 qw the Chopper (level 7, -7/43 HPs)
             Began as a Gargoyle Fighter on June 18, 2023.
             Mangled by an ogre
             ... wielding a +0 giant club
              (19 damage)
             ... on level 5 of the Dungeon.
             The game lasted 00:01:43 (3683 turns).

qw the Chopper (Gargoyle Fighter)                   Turns: 3683, Time: 00:01:43

Health: -7/43      AC: 17    Str: 21    XL:     7   Next: 34%
Magic:  7/7        EV:  5    Int:  9    God:
Gold:   183        SH:  4    Dex:  9    Spells: 6/6 levels left

rFire   . . .        Y - +1 war axe
rCold   . . .        c - +0 buckler
rNeg    + . .        a - +0 plate armour
rPois   inf          (no helmet)
rElec   +            (no cloak)
rCorr   +            n - +0 pair of gloves
SInv    .            (no boots)
Will    .....        (no amulet) Stlth
                     k - ring of resist corrosion
HPRegen 0.27/turn    (no ring)
MPRegen 0.10/turn

%: no passive effects
@: no status effects
A: sickness immunity, AC +4, negative energy resistance 1, electricity
resistance, torment resistance 1, petrification resistance
a: no special abilities


You were on level 5 of the Dungeon.
You visited 1 branch of the dungeon, and saw 5 of its levels.

You collected 183 gold pieces.


Innate Abilities, Weirdness & Mutations

You are immune to sickness and miasma.
Your stone body is resilient. (AC +4)
You are immune to poison.
You resist negative energy. (rN+)
You are resistant to electric shocks. (rElec)
You are resistant to unholy torment.
You are immune to petrification.


   Skills:
 - Level 4.1 Fighting
 - Level 6.2 Axes
 - Level 2.1 Throwing
 + Level 3.7 Armour
 - Level 3.2 Shields


You had 6 spell levels left.
You didn't know any spells.
Your spell library was empty.

Inventory:

Hand Weapons
 o - a +2 flail of protection
 Y - a +1 war axe (weapon)
Missiles
 e - 2 boomerangs
 g - a silver javelin (quivered)
Armour
 a - a +0 plate armour (worn)
 c - a +0 buckler (worn)
 n - a +0 pair of gloves (worn)
Jewellery
 k - a ring of resist corrosion (left hand)
Potions
 d - a potion of might
 f - a potion of heal wounds {unknown}
 h - a potion of curing {unknown}
 j - a potion of mutation {unknown}

Dungeon Overview and Level Annotations

Branches:
Dungeon (5/15)
 Temple: D:4-7

Altars:
Ashenzari
Fedhas
Qazlal


Message History

You kill the adder!
You barely miss the orc. The orc hits you but does no damage.
You slash the orc!
You kill the orc!
You see here an adder corpse.
g - 4 silver javelins (gained 1)
A jelly comes into view.
Found a stone staircase leading down.
The jelly quivers.
You throw a silver javelin.
The silver javelin pierces through the jelly!
You kill the jelly!
g - 4 silver javelins (gained 1)
An ogre comes into view. It is wielding a +0 giant club.
The ogre shouts!
You throw a silver javelin.
The silver javelin pierces through the ogre!
The ogre is heavily wounded.
You throw a silver javelin.
The silver javelin pierces through the ogre.
The ogre is severely wounded.
You throw a silver javelin.
The silver javelin barely misses the ogre.
The ogre barely misses you.
You hit the ogre.
The ogre is almost dead.
You hit the ogre.
The ogre is almost dead.
The ogre hits you with a +0 giant club!!
You barely miss the ogre.
The ogre is almost dead.
The ogre hits you with a +0 giant club!
You barely miss the ogre.
The ogre is almost dead.
The ogre hits you with a +0 giant club.
You barely miss the ogre.
The ogre is almost dead.
The ogre hits you with a +0 giant club!!
You die...

###.....###
##........###
##.....#.....###
##.....####.....###
#.....## ###....>#
#.###.## #######
#.. #..# #.
##.##### #.@...#
###O.....# .......
...##.. ....# .
...... ....#..
.(((#..


You could see an ogre.

Vanquished Creatures
  Grinder (D:3)
  An orc priest (D:4)
  3 jellies
  An iguana (D:4)
  3 orc wizards
  4 adders
  A worm (D:4)
  A dart slug (D:2)
  14 orcs
  7 ball pythons
  6 endoplasms
  5 giant cockroaches
  7 hobgoblins
  8 jackals
  6 kobolds
  5 quokkas
  5 bats
  A frilled lizard (D:2)
  14 goblins
  7 rats
100 creatures vanquished.

Notes
Turn   | Place    | Note
-------+----------+-------------------------------------------
     0 | D:1      | qw the Gargoyle Fighter began the quest for the Orb.
     0 | D:1      | Reached XP level 1. HP: 14/14 MP: 1/1
     0 | D:1      | 0 ||| qw: Version: 0.3-a-5-g6f28e65
     0 | D:1      | 0 ||| qw: Game counter: 675
     0 | D:1      | 0 ||| qw: Always use a shield: true
     0 | D:1      | 0 ||| qw: God list: Okawaru
     0 | D:1      | 0 ||| qw: Allow faded altars: false
     0 | D:1      | 0 ||| qw: Do Orc after D:15 true
     0 | D:1      | 0 ||| qw: Do second Lair branch before Depths: true
     0 | D:1      | 0 ||| qw: Lair rune preference: random
     0 | D:1      | 0 ||| qw: Plans: Normal, Zot:1-4, Slime:5, God:TSO, Crypt,
                  | Tomb, Abyss, Pan, Hells, Win
     0 | D:1      | 0 ||| PLANNING D:1-11
    24 | D:1      | Reached skill level 2 in Axes
    74 | D:1      | Reached XP level 2. HP: 18/19 MP: 2/2
   232 | D:1      | 232 ||| Stepping ~*~*~tactically~*~*~ (hiding).
   356 | D:1      | 356 ||| Stepping ~*~*~tactically~*~*~ (stealth).
   363 | D:1      | Reached skill level 3 in Axes
   365 | D:1      | Reached XP level 3. HP: 23/23 MP: 3/3
   867 | D:1      | Found a faded altar of an unknown god.
   951 | D:1      | 951 ||| DROPPING +0 mace.
  1150 | D:1      | 1150 ||| READING scroll labelled UNTIASUDEIRGH.
  1251 | D:1      | 1251 ||| READING scroll labelled NUSTANT XIDUG.
  1289 | D:2      | Identified the +8 short sword "Uwil Dee" {flame, *Rage rC+
                  | SInv}
  1295 | D:2      | Found a stormy altar of Qazlal.
  1347 | D:2      | 1347 ||| Stepping ~*~*~tactically~*~*~ (hiding).
  1502 | D:2      | Reached XP level 4. HP: 11/28 MP: 4/4
  1699 | D:2      | Reached skill level 4 in Axes
  1851 | D:2      | 1851 ||| UPGRADING to +0 plate armour.
  1861 | D:2      | 1861 ||| DROPPING +0 scale mail.
  1862 | D:2      | 1862 ||| READING scroll labelled CABUCI XUNLAMP.
  1907 | D:3      | 1907 ||| Stepping ~*~*~tactically~*~*~ (stealth).
  1910 | D:3      | 1910 ||| Stepping ~*~*~tactically~*~*~ (stealth).
  1912 | D:3      | 1912 ||| Stepping ~*~*~tactically~*~*~ (hiding).
  1953 | D:3      | 1953 ||| Stepping ~*~*~tactically~*~*~ (hiding).
  1955 | D:3      | 1955 ||| Stepping ~*~*~tactically~*~*~ (hiding).
  1956 | D:3      | 1956 ||| Stepping ~*~*~tactically~*~*~ (hiding).
  2007 | D:3      | 2007 ||| Stepping ~*~*~tactically~*~*~ (stealth).
  2008 | D:3      | 2008 ||| Stepping ~*~*~tactically~*~*~ (stealth).
  2023 | D:3      | Reached XP level 5. HP: 32/32 MP: 5/5
  2144 | D:3      | Noticed Grinder
  2145 | D:3      | 2145 ||| Stepping ~*~*~tactically~*~*~ (hiding).
  2149 | D:3      | Paralysed by Grinder for 4 turns
  2153 | D:3      | 2153 ||| Stepping ~*~*~tactically~*~*~ (hiding).
  2155 | D:3      | 2155 ||| Stepping ~*~*~tactically~*~*~ (hiding).
  2166 | D:3      | 2166 ||| Stepping ~*~*~tactically~*~*~ (hiding).
  2178 | D:3      | HP: 8/32 [Grinder (3)]
  2179 | D:3      | 2179 ||| READING scroll of teleportation.
  2180 | D:3      | HP: 3/32 [Grinder (1)]
  2225 | D:3      | 2225 ||| Stepping ~*~*~tactically~*~*~ (stealth).
  2261 | D:3      | 2261 ||| Stepping ~*~*~tactically~*~*~ (stealth).
  2317 | D:3      | 2317 ||| Stepping ~*~*~tactically~*~*~ (hiding).
  2320 | D:3      | 2320 ||| FLEEEEING.
  2327 | D:3      | 2327 ||| Stepping ~*~*~tactically~*~*~ (hiding).
  2329 | D:3      | 2329 ||| Stepping ~*~*~tactically~*~*~ (hiding).
  2334 | D:3      | Killed Grinder
  2335 | D:3      | Reached skill level 6 in Axes
  2335 | D:3      | Reached XP level 6. HP: 33/37 MP: 6/6
  2746 | D:3      | 2746 ||| READING scroll labelled UZAOSA PEPH.
  2747 | D:3      | 2747 ||| READING scroll labelled QUMITU ZUFAOSMEP.
  2800 | D:4      | 2800 ||| FLEEEEING.
  2801 | D:4      | 2801 ||| STAIRDANCE
  2914 | D:4      | 2914 ||| Stepping ~*~*~tactically~*~*~ (stealth).
  2916 | D:4      | 2916 ||| Stepping ~*~*~tactically~*~*~ (stealth).
  2919 | D:4      | 2919 ||| Stepping ~*~*~tactically~*~*~ (hiding).
  3149 | D:4      | Reached XP level 7. HP: 43/43 MP: 7/7
  3255 | D:4      | Reached skill level 1 in Throwing
  3330 | D:4      | 3330 ||| Stepping ~*~*~tactically~*~*~ (stealth).
  3332 | D:4      | 3332 ||| Stepping ~*~*~tactically~*~*~ (stealth).
  3336 | D:4      | 3336 ||| Stepping ~*~*~tactically~*~*~ (hiding).
  3396 | D:4      | 3396 ||| DROPPING +0 flail.
  3412 | D:4      | Found a blossoming altar of Fedhas.
  3489 | D:4      | Found a broken altar of Ashenzari.
  3586 | D:4      | 3586 ||| UPGRADING to +0 pair of gloves.
  3591 | D:4      | 3591 ||| UPGRADING to ring of resist corrosion.
  3592 | D:4      | 3592 ||| READING scroll labelled WYENIF EWKUMM.
  3593 | D:4      | 3593 ||| READING scroll labelled PAMNUWK GASIDA.
  3594 | D:4      | 3594 ||| READING scroll labelled HITOELICAESU.
  3619 | D:5      | Entered Level 5 of the Dungeon
  3683 | D:5      | Mangled by an ogre

Levels and vault maps discovered:
D:1:      lightli_arrival_chessboard, layout_basic,
          dreamdust_ecumenical_altar_hidden_monk_grotto, serial_bayou_pond_e,
          minmay_cupped
D:2:      layout_rooms, basic_altar, minmay_misc_feat_nine_boxes, st_stairs_7
D:3:      layout_basic, minivault_24, chequers_mini_garden, uniq_grinder
D:4:      layout_loops_ring, fedhas_altar_2, kennysheep_mini_moat, fountainhead
D:5:      layout_cave_pools, grunt_dithmenos_smoke_and_mirrors,
          minmay_crossroads, uniq_blork_the_orc, uniq_eustachio

Skill      XL: |  1  2  3  4  5  6  7 |
---------------+----------------------+-----
Axes           | 2 3 4 6 |  6.2
Fighting       | 4 |  4.1
Throwing       | 2 |  2.1
Armour         | |  3.7
Shields        | |  3.2

Action                     |  1- 3 |  4- 6 |  7- 9 || total
---------------------------+-------+-------+-------++-------
  Melee: War axe           |    97 |   119 |    27 ||   243
  Throw: Boomerang         |     6 |    48 |       ||    54
         Javelin           |       |     2 |    12 ||    14
    Use: Scroll            |     2 |     4 |     3 ||     9
 Armour: Scale mail        |    49 |     1 |       ||    50
         Plate armour      |       |    69 |    16 ||    85
  Dodge: Dodged            |    58 |    26 |     4 ||    88
  Block: Buckler           |    17 |    12 |     2 ||    31

Table legend:
 A = Non-vault XP
 B = Vault XP
 C = Vault XP percentage of total XP
 D = Non-vault monster count
 E = Vault monster count
 F = Vault count percentage of total count
                 A         B        C        D         E       F
            +---------+---------+-------+---------+---------+-------
      Total |     528 |     288 |  35.3 |      93 |       7 |   7.0
            +---------+---------+-------+---------+---------+-------
        D:1 |      57 |       7 |  10.9 |      32 |       4 |  11.1
        D:2 |      36 |       1 |   2.7 |      15 |       1 |   6.2
        D:3 |     125 |     277 |  68.9 |      22 |       1 |   4.3
        D:4 |     253 |       0 |   0.0 |      22 |       0 |   0.0
        D:5 |      57 |       3 |   5.0 |       2 |       1 |  33.3
            +---------+---------+-------+---------+---------+-------
